Construct Section Command Post
Construct Field Infirmary
Construct Platoon Command Post
6-pounder Anti-tank Gun Team
6-pounder Anti-tank Gun Team
Selects Heavy Armor Battlegroup
Selects Engineer Detachments
Selects Forward Repair Assembly
6-pounder Anti-tank Gun Team
6-pounder Anti-tank Gun Team
6-pounder Anti-tank Gun Team
Selects Churchill Black Prince Heavy Tank
Selects Light Vehicle Withdraw and Refit
Churchill Black Prince Heavy Tank
6-pounder Anti-tank Gun Team
6-pounder Anti-tank Gun Team